AoeStats
← undercat

Arena

508217477Analyzed
1v1 RM · 12d ago on Sep 21, 2026· 42m 42s· 2 players
Game mode
Random Map
Map size
Tiny (2 player)
Population
200
Speed
Normal
Resources
Standard
Victory
Conquest
Starting age
Dark Age
Ending age
Imperial Age
RankedLock teamsTeams togetherTeam positionsShared explorationLock speedFull tech treeHidden civsTurbo modeCheats
Victory
Defeat
🇫🇷 Spanish · France
942
+17
🇹🇼 Goths · Taiwan
964
-17
gams06
3:05 Loom
11:08 Feudal Age
14:52 Castle Age
13:11 Stone Mining
13:46 Double-Bit Axe
14:18 Horse Collar
23:03 Fervor
24:09 Heavy Plow
24:10 Town Watch
26:37 Town Patrol
27:13 Wheelbarrow
27:20 Scale Barding Armor
27:26 Forging
27:32 Gold Mining
28:35 Chain Barding Armor
31:45 Iron Casting
33:59 Imperial Age
32:08 Bloodlines
34:47 Hand Cart
35:18 Conscription
36:56 Plate Barding Armor
37:22 Blast Furnace
37:16 Cavalier
37:57 Husbandry
undercat
7:11 Loom
7:21 Loom
10:45 Feudal Age
15:17 Castle Age
13:26 Double-Bit Axe
18:36 Fletching
18:47 Padded Archer Armor
19:22 Bodkin Arrow
19:28 Elite Skirmisher
28:15 Bow Saw
32:59 Imperial Age
30:30 Horse Collar
32:13 Ballistics
33:25 Wheelbarrow
35:00 Chemistry
35:26 Leather Archer Armor
35:37 Squires
35:02 Man-at-Arms
42:08 Pikeman
Connection lost

Rejoining the realm…

Still unreachable

The connection could not be restored.

Session expired

The server has moved on; the page needs a fresh start.